 Dungeon Crawl Stone Soup version 0.24-a0-630-g0d56a85 (webtiles) character file.

Game seed: 13034527146279214394, levelgen mode: deterministic

2128 Laraso the Cleaver (level 9, -17/74 HPs)
             Began as a Hill Orc Summoner on Sept 19, 2019.
             Was a Believer of Okawaru.
             Demolished by an ogre
             ... wielding a +0 giant club
              (27 damage)
             ... on level 7 of the Dungeon.
             The game lasted 00:14:12 (9858 turns).

Laraso the Cleaver (Hill Orc Summoner)              Turns: 9858, Time: 00:14:13

Health: -17/74     AC:  7    Str: 11    XL:     9   Next: 29%
Magic:  12/12      EV: 16    Int: 16    God:    Okawaru [**....]
Gold:   382        SH:  0    Dex:  9    Spells: 5/11 levels left

rFire    . . .     SeeInvis .   a - +0 battleaxe (freeze)
rCold    . . .     Gourm    .   (shield currently unavailable)
rNeg     + + +     Faith    .   t - +1 robe "Inaedu" {-Cast rPois rN+++ Dex-4} (curse)
rPois    +         Spirit   .   d - +0 helmet
rElec    .         Reflect  .   (no cloak)
rCorr    .         Harm     .   f - +2 pair of gloves
MR       .....     NoCast   +   (no boots)
Stlth    ..........             m - amulet of magic regeneration
HPRegen  0.22/turn              e - +2 ring of evasion
MPRegen  0.38/turn              r - ring of attention (curse)

@: confused, heroism, hasted, very quick
A: no striking features
a: Heroism, Renounce Religion


You were on level 7 of the Dungeon.
You worshipped Okawaru.
Okawaru was pleased with you.
You were not hungry.

You visited 2 branches of the dungeon, and saw 8 of its levels.

You collected 382 gold pieces.

Inventory:

Hand Weapons
 a - a +0 battleaxe of freezing (weapon)
 b - a +0 hunting sling
Missiles
 o - 11 sling bullets
 w - 54 stones (quivered)
Armour
 d - a +0 helmet (worn)
 f - a +2 pair of gloves (worn)
 p - a +0 ring mail
 t - the cursed +1 robe "Inaedu" (worn) {-Cast rPois rN+++ Dex-4}
   (You found it on level 5 of the Dungeon)

   It affects your dexterity (-4).
   It protects you from poison.
   It renders you almost immune to negative energy.
   It prevents spellcasting.
   It has a curse placed upon it.
Jewellery
 e - a +2 ring of evasion (left hand)
 m - an amulet of magic regeneration (around neck)
 q - an uncursed ring of positive energy
 r - a cursed ring of attention (right hand)
 u - a +4 amulet of reflection
Wands
 j - a wand of paralysis (3)
 l - a wand of disintegration (8)
 n - a wand of polymorph (14)
Potions
 h - 3 potions of curing
 A - a potion of agility {unknown}
Comestibles
 c - 8 rations
 g - 4 chunks of flesh


   Skills:
 - Level 5.0(10.0) Fighting
 * Level 13.2(18.2) Axes
 - Level 1.5(6.5) Dodging
 - Level 1.5(6.5) Stealth
 - Level 1.5 Spellcasting
 - Level 4.0 Summonings
 - Level 4.2 Invocations


You had 5 spell levels left.
You knew the following spells:

 Your Spells              Type           Power        Failure   Level  Hunger
a - Summon Small Mammal   Summ           ##..         4%          1    ##.....
b - Call Imp              Summ           ##......     6%          2    ###....
c - Call Canine Familiar  Summ           ##......     13%         3    ####...

Your spell library contained the following spells:

 Spells                   Type           Power        Failure   Level  Hunger
 Summon Guardian Golem    Hex/Summ       #.......     28%         3    ####...
 Summon Ice Beast         Ice/Summ       #.......     67%         4    #####..
 Summon Lightning Spire   Summ/Air       #.......     67%         4    #####..


Dungeon Overview and Level Annotations

Branches:
Dungeon (7/15)             Temple (1/1) D:5

Altars:
Ashenzari
Cheibriados
Dithmenos
Fedhas
Gozag
Hepliaklqana
Kikubaaqudgha
Makhleb
Okawaru
Ru
Sif Muna
Trog
Uskayaw
Vehumet
Wu Jian
Xom
Yredelemnul
Zin
The Shining One

Shops:
D:5 (

Annotations:
D:4 1 runed translucent door, Crazy Yiuf


Message History

You take 3 damage, and have 62/74 hp.
You hit the killer bee but do no damage.
The killer bee barely misses you. x2
You slash the killer bee! You freeze the killer bee. The killer bee stings you!
You take 8 damage, and have 54/74 hp.
You barely miss the killer bee. The killer bee misses you.
The killer bee stings you.
You take 6 damage, and have 48/74 hp.
The killer bee buzzes angrily.
You slash the killer bee! You freeze the killer bee.
You kill the killer bee!
Okawaru accepts your kill.
Your base Axes skill increases to level 13!
The killer bee barely misses you.
MP restored: 12 You slash the killer bee!
You freeze the killer bee!
You kill the killer bee!
Okawaru accepts your kill. The killer bee completely misses you.
Okay, then.
You barely miss the killer bee. The killer bee stings you.
An ogre comes into view. It is wielding a +0 giant club.
The killer bee closely misses you.
You take 1 damage, and have 47/74 hp.
You miss the killer bee.
The killer bee buzzes angrily.
You hear a shout!
The killer bee misses you.
You feel yourself speed up.
The killer bee stings you but does no damage.
The killer bee misses you.
You miss the killer bee. The killer bee barely misses you.
You hit the killer bee. You freeze the killer bee. The killer bee misses you.
You slash the killer bee! You freeze the killer bee.
You kill the killer bee!
Okawaru accepts your kill.
You closely miss the killer bee. The killer bee stings you!
* * * LOW HITPOINT WARNING * * *
You take 6 damage, and have 41/74 hp.
You hit the ogre but do no damage. You miss the killer bee.
The killer bee stings you.
* * * LOW HITPOINT WARNING * * *
The ogre hits you with a +0 giant club!
* * * LOW HITPOINT WARNING * * *
The killer bee barely misses you.
You take 21 damage, and have 20/74 hp.
MASSIVE DAMAGE!!
You hit the ogre. You freeze the ogre. You barely miss the killer bee.
The killer bee misses you.
You hit the ogre but do no damage. You barely miss the killer bee.
The killer bee barely misses you. The ogre hits you with a +0 giant club!
* * * LOW HITPOINT WARNING * * *
You take 16 damage, and have 4/74 hp.
MASSIVE DAMAGE!!
It was a potion of ambrosia.
You are confused.
You feel invigorated. The killer bee misses you.
You regained 3 hp, and now have 7/74 hp.
It was a potion of magic.
Magic courses through your body. The killer bee barely misses you.
The killer bee stings you but does no damage.
The ogre hits you with a +0 giant club!!
You die...

...........#
#...####
...........##
#..##
............# ..##
...........###..#
.......#...^.[.#
......#..###.##
......#..## #
.......yy###
.....#..#@O#
.....#..###..รทรท#
#### #.y# ####
#... #... #...
#....


You could see an ogre and 2 killer bees.

Vanquished Creatures
  Grinder (D:6)
  An orc warrior (D:6)
  A sky beast (D:6)
  2 ice beasts (D:5)
  An ogre (D:5)
  2 centaurs (D:6)
  3 bullfrogs (D:6)
  A water moccasin skeleton (D:6)
  A scorpion (D:7)
  3 killer bees (D:7)
  A crimson imp (D:7)
  2 jellies (D:6)
  3 hounds (D:4)
  4 orc priests
  5 orc wizards
  2 iguanas
  Ijyb (D:2)
  5 worker ants
  A hound zombie (D:7)
  A worker ant zombie (D:6)
  Robin (D:3)
  A howler monkey zombie (D:5)
  4 gnolls
  4 adders
  A shadow imp (D:6)
  An ooze (D:2)
  An adder skeleton (D:4)
  2 worms (D:4)
  2 dart slugs (D:2)
  7 leopard geckos
  18 orcs
  A giant cockroach (D:4)
  16 goblins
  10 hobgoblins
  4 jackals (D:2)
  2 quokkas
  2 ball pythons
  4 bats
  2 frilled lizards
  5 kobolds
  A quokka skeleton (D:7)
  5 rats
  2 bushes (D:3)
137 creatures vanquished.

Vanquished Creatures (collateral kills)
  A scorpion (D:5)
  A jelly (D:5)
  An orc wizard (D:6)
  An orc priest (D:6)
  2 orcs (D:6)
  A goblin (D:1)
  A bat (D:1)
8 creatures vanquished.

Vanquished Creatures (others)
  A goblin (D:2)
1 creature vanquished.

Grand Total: 146 creatures vanquished

Notes
Turn   | Place    | Note
-------+----------+-------------------------------------------
     0 | D:1      | Laraso the Hill Orc Summoner began the quest for the Orb.
     0 | D:1      | Reached XP level 1. HP: 14/14 MP: 3/3
    76 | D:1      | Reached skill level 1 in Fighting
   376 | D:1      | You fall into a shaft and drop 1 floor!
   615 | D:1      | Reached XP level 2. HP: 24/24 MP: 2/4
   658 | D:1      | Reached skill level 2 in Fighting
   988 | D:2      | HP: 10/25 [poisoned by an adder]
  1183 | D:2      | Learned a level 2 spell: Call Imp
  1253 | D:2      | Reached skill level 3 in Fighting
  1295 | D:2      | Reached XP level 3. HP: 29/31 MP: 5/5
  1633 | D:2      | Found a radiant altar of Vehumet.
  1929 | D:2      | Reached skill level 1 in Axes
  1934 | D:2      | Reached skill level 4 in Fighting
  1934 | D:2      | Reached XP level 4. HP: 22/40 MP: 6/6
  2119 | D:2      | Learned a level 3 spell: Call Canine Familiar
  2289 | D:2      | Noticed Ijyb
  2337 | D:2      | Killed Ijyb
  2337 | D:2      | Reached skill level 2 in Axes
  2491 | D:3      | Found a glowing golden altar of the Shining One.
  2493 | D:3      | Found a hide-covered altar of Uskayaw.
  2880 | D:3      | Noticed Robin
  2890 | D:3      | Reached XP level 5. HP: 34/47 MP: 7/7
  2902 | D:3      | HP: 18/47 [Robin/+0 spear (2)]
  2929 | D:3      | HP: 16/47 [goblin/sling bullet[Robin] (6)]
  3166 | D:3      | Killed Robin
  3166 | D:3      | Reached skill level 3 in Axes
  3229 | D:3      | You fall into a shaft and drop 3 floors!
  3232 | D:6      | HP: 18/47 [orc priest/+0 whip (1)]
  3236 | D:6      | Reached skill level 5 in Fighting
  3240 | D:6      | HP: 23/72 [orc/+0 hand axe (4)]
  3242 | D:6      | Reached skill level 4 in Axes
  3247 | D:6      | HP: 10/48 [poisoned by a worker ant]
  3253 | D:6      | HP: 9/48 [poisoned by a worker ant]
  3258 | D:6      | HP: 8/48 [poisoned by a worker ant]
  3530 | D:6      | Noticed a sky beast
  3541 | D:6      | Killed a sky beast
  3541 | D:6      | Reached skill level 5 in Axes
  3541 | D:6      | Reached XP level 6. HP: 29/56 MP: 3/8
  3818 | D:6      | Found a shimmering altar of Xom.
  4055 | D:5      | Entered Level 5 of the Dungeon
  4117 | D:5      | Found a staircase to the Ecumenical Temple.
  4139 | Temple   | Entered the Ecumenical Temple
  4180 | Temple   | Became a worshipper of Warmaster Okawaru
  4234 | D:5      | Reached skill level 6 in Axes
  4611 | D:5      | Reached skill level 7 in Axes
  4611 | D:5      | Reached XP level 7. HP: 61/61 MP: 7/9
  4652 | D:5      | Got an ichor-stained robe
  4663 | D:5      | Identified the cursed +1 robe "Inaedu" {-Cast rPois rN+++
                  | Dex-4} (You found it on level 5 of the Dungeon)
  4739 | D:5      | Found Nagawk's Antique Weapon Shoppe.
  4794 | D:5      | Found a glowing silver altar of Zin.
  5200 | D:5      | Reached * piety under Okawaru
  5200 | D:5      | Reached skill level 8 in Axes
  5215 | D:5      | Reached skill level 9 in Axes
  5777 | D:4      | Reached XP level 8. HP: 61/68 MP: 10/10
  5875 | D:4      | Found an opulent altar of Gozag.
  5938 | D:4      | Found a runed translucent door.
  5939 | D:4      | Noticed Crazy Yiuf
  5957 | D:4      | Reached skill level 1 in Invocations
  6413 | D:4      | Reached skill level 2 in Invocations
  6659 | D:4      | Reached skill level 10 in Axes
  7670 | D:6      | Reached skill level 3 in Invocations
  7822 | D:6      | Noticed Grinder
  7879 | D:6      | HP: 21/68 [Grinder (7)]
  7886 | D:6      | Killed Grinder
  7886 | D:6      | Reached ** piety under Okawaru
  7886 | D:6      | Reached skill level 4 in Invocations
  8134 | D:6      | HP: 27/68 [acid (5)]
  8139 | D:6      | HP: 20/68 [acid (5)]
  8608 | D:6      | HP: 26/68 [orc priest/cursed +0 flail (11)]
  8614 | D:6      | HP: 37/102 [something (2)]
  8619 | D:6      | Reached skill level 11 in Axes
  9042 | D:6      | Reached skill level 12 in Axes
  9042 | D:6      | Reached XP level 9. HP: 53/74 MP: 12/12
  9845 | D:7      | Reached skill level 13 in Axes
  9854 | D:7      | HP: 20/74 [ogre/+0 giant club (15)]
  9856 | D:7      | HP: 4/74 [ogre/+0 giant club (16)]
  9858 | D:7      | Demolished by an ogre

Levels and vault maps discovered:
D:1:      nicolae_arrival_washed_ashore, layout_basic
D:2:      kennysheep_the_goblin_king, layout_loops_ring, marbit_many_paths,
          first_ration, minmay_pentomino_s2
D:3:      layout_loops_corners, chequers_temple_overflow_statue_of_worship,
          serial_forest, infiniplex_forest_lined_room_2,
          infiniplex_forest_straight_4, infiniplex_forest_clump_tiny,
          infiniplex_forest_end_1, infiniplex_forest_lined_room_2,
          infiniplex_forest_split, infiniplex_forest_straight_5, fountainhead,
          uniq_robin
D:4:      layout_basic, nicolae_gozag_seed_capital, cheibrodos_gnoll_hut,
          uniq_crazy_yiuf_cottage
D:5:      layout_cave_pods, lemuel_doored_altar,
          minmay_temple_entry_glassed_door, serial_shops,
          nicolae_shop_waterfront
D:6:      minmay_diamond_boxcup, layout_basic, lemuel_round_altar, uniq_grinder
D:7:      layout_cave_pods, elyvilon_altar_3, grunt_ogre_cave, grunt_decor_cap,
          minmay_fractal_squares_5
Temple:   nicolae_temple_god_jail

Skill      XL: |  1  2  3  4  5  6  7  8  9 |
---------------+----------------------------+-----
Fighting       | 1 3 4 5 |  5.0
Axes           | 1 2 5 7 9 12 13 | 13.2
Invocations    | 4 |  4.2
Dodging        | |  1.5
Stealth        | |  1.5
Spellcasting   | |  1.5
Summonings     | |  4.0

Action                   |  1- 3 |  4- 6 |  7- 9 || total
-------------------------+-------+-------+-------++-------
Melee: Unarmed           |    51 |       |       ||    51
       Mace              |    72 |       |       ||    72
       Hand axe          |    29 |   207 |   676 ||   912
       Punch             |       |       |     1 ||     1
       Battleaxe         |       |       |    53 ||    53
 Fire: Hunting sling     |       |       |    43 ||    43
 Cast: Summon Small Mamm |     9 |       |       ||     9
       Call Imp          |     3 |     1 |       ||     4
       Call Canine Famil |       |     8 |       ||     8
Invok: Heroism           |       |       |     6 ||     6
Evoke: Wand              |       |       |    12 ||    12
  Use: Scroll            |     5 |     1 |     8 ||    14
       Potion            |     2 |     1 |     5 ||     8
 Stab: Paralysed         |       |       |    18 ||    18
  Eat: Chunk             |     4 |    10 |    14 ||    28
       Ration            |       |       |     1 ||     1
Armor: Ring mail         |    96 |    78 |     1 ||   175
       Skin              |     7 |       |     3 ||    10
       Robe              |       |       |    75 ||    75
Dodge: Dodged            |   123 |   179 |   250 ||   552

Table legend:
 A = Non-vault XP
 B = Vault XP
 C = Vault XP percentage of total XP
 D = Non-vault monster count
 E = Vault monster count
 F = Vault count percentage of total count
                 A         B        C        D         E       F
            +---------+---------+-------+---------+---------+-------
      Total |    2097 |     944 |  31.0 |     110 |      33 |  23.1
            +---------+---------+-------+---------+---------+-------
        D:1 |      18 |       0 |   0.0 |      13 |       0 |   0.0
        D:2 |      85 |      46 |  35.1 |      20 |       7 |  25.9
        D:3 |      15 |      39 |  72.2 |       7 |      13 |  65.0
        D:4 |     208 |     100 |  32.5 |      17 |       3 |  15.0
        D:5 |     642 |       0 |   0.0 |      18 |       0 |   0.0
        D:6 |     802 |     759 |  48.6 |      26 |      10 |  27.8
        D:7 |     327 |       0 |   0.0 |       9 |       0 |   0.0
            +---------+---------+-------+---------+---------+-------

Table legend:
 A = Kills in this place as a percentage of kills in entire the game.
 B = Kills by you in this place as a percentage of kills by you in the entire game.
 C = Kills by friends in this place as a percentage of kills by friends in the entire game.
 D = Other kills in this place as a percentage of other kills in the entire game.
 E = Experience gained in this place as a percentage of experience gained in the entire game.
 F = Experience gained in this place divided by the number of levels of this place that you have seen.
                   A       B       C       D       E      F
               +-------+-------+-------+-------+-------+----------------------
         Total | 100.0 | 100.0 | 100.0 |   N/A | 100.0 | 380.1
       Dungeon | 100.0 | 100.0 | 100.0 |   N/A | 100.0 | 434.4
               +-------+-------+-------+-------+-------+----------------------

Table legend:
 A = Turns spent in this place as a percentage of turns spent in the entire game.
 B = Non-inter-level travel turns spent in this place as a percentage of non-inter-level travel turns spent in the entire game.
 C = Inter-level travel turns spent in this place as a percentage of turns spent in this place.
 D = Turns resting spent in this place as a percentage of non-inter-level travel turns spent in this place.
 E = Turns spent auto-exploring this place as a percentage of non-inter-level travel turns spent in this place.
 F = Non-inter-level travel turns spent in this place divided by the number of levels of this place that you've seen.
                   A       B       C       D       E      F
               +-------+-------+-------+-------+-------+----------------------
         Total | 100.0 | 100.0 |   4.7 |  38.4 |  36.6 | 1174.8
       Dungeon |  99.4 |  99.5 |   4.5 |  38.6 |  36.4 | 1336.4
        Temple |   0.6 |   0.5 |  28.3 |   0.0 |  79.1 |  43.0
               +-------+-------+-------+-------+-------+----------------------

Levels and vault maps discovered:
D:1:      nicolae_arrival_washed_ashore, layout_basic
D:2:      kennysheep_the_goblin_king, layout_loops_ring, marbit_many_paths,
          first_ration, minmay_pentomino_s2
D:3:      layout_loops_corners, chequers_temple_overflow_statue_of_worship,
          serial_forest, infiniplex_forest_lined_room_2,
          infiniplex_forest_straight_4, infiniplex_forest_clump_tiny,
          infiniplex_forest_end_1, infiniplex_forest_lined_room_2,
          infiniplex_forest_split, infiniplex_forest_straight_5, fountainhead,
          uniq_robin
D:4:      layout_basic, nicolae_gozag_seed_capital, cheibrodos_gnoll_hut,
          uniq_crazy_yiuf_cottage
D:5:      layout_cave_pods, lemuel_doored_altar,
          minmay_temple_entry_glassed_door, serial_shops,
          nicolae_shop_waterfront
D:6:      minmay_diamond_boxcup, layout_basic, lemuel_round_altar, uniq_grinder
D:7:      layout_cave_pods, elyvilon_altar_3, grunt_ogre_cave, grunt_decor_cap,
          minmay_fractal_squares_5
Temple:   nicolae_temple_god_jail
